 Dungeon Crawl Stone Soup version 0.29.0-15-g675c0067aa (webtiles) character file.

Game seed: 9976372574510755829

332 runemasterragnar the Ruffian (level 6, -9/50 HPs)
             Began as a Draconian Transmuter on Sept 11, 2022.
             Was a Follower of Sif Muna.
             Mangled by a two-headed ogre
             ... wielding a +0 giant club
              (33 damage)
             ... on level 6 of the Dungeon.
             The game lasted 00:05:12 (3036 turns).

runemasterragnar the Ruffian (Draconian Transmuter) Turns: 3036, Time: 00:05:13

Health: -9/50      AC:  6    Str: 12    XL:     6   Next: 26%
Magic:  10/10      EV: 12    Int: 16    God:    Sif Muna [*.....]
Gold:   218        SH:  0    Dex: 11    Spells: 8/11 levels left

rFire   . . .      SeeInvis .   e - +2 dagger (protect)
rCold   . . .      Faith    .   (no shield)
rNeg    . . .      Spirit   .   (body armour unavailable)
rPois   .          Reflect  .   (helmet restricted)
rElec   .          Harm     .   i - scarf {repulsion}
rCorr   .          Rampage  .   (no gloves)
Will    .....                   (no boots)
Stlth   +.........              (no amulet)
HPRegen 0.16/turn               (no ring)
MPRegen 0.12/turn               (no ring)

@: mighty, hasted, repel missiles, very quick
A: AC +6, unfitting armour, cold-blooded
a: Renounce Religion, Channel Magic


You were on level 6 of the Dungeon.
You worshipped Sif Muna.
Sif Muna was aware of your devotion.
You visited 1 branch of the dungeon, and saw 5 of its levels.

You collected 218 gold pieces.

Inventory:

Hand Weapons
 a - a +3 short sword
 e - a +2 dagger of protection (weapon)
Armour
 i - a scarf of repulsion (worn)
Jewellery
 l - a ring of poison resistance
Wands
 o - a wand of digging (7)
Scrolls
 f - a scroll of butterflies {unknown}
 h - 2 scrolls of teleportation {unknown}
 j - a scroll of magic mapping
 k - a scroll of acquirement {unknown}
 n - a scroll of vulnerability {unknown}
Potions
 c - a potion of attraction
 d - 5 potions of curing
 g - a potion of degeneration


   Skills:
 + Level 2.8 Fighting
 + Level 2.8 Dodging
 + Level 3.9 Unarmed Combat
 + Level 3.0 Spellcasting
 * Level 3.8 Transmutations
 + Level 1.6 Invocations


You had 8 spell levels left.
You knew the following spells:

 Your Spells              Type           Power      Damage    Failure   Level
a - Beastly Appendage     Tmut           28%        N/A       3%          1
b - Wereblood             Tmut           14%        N/A       6%          2

Your spell library contained the following spells:

 Spells                   Type           Power      Damage    Failure   Level
 Foxfire                  Conj/Fire      8%         2x1d4     19%         1
 Spider Form              Tmut/Pois      8%         N/A       26%         3
 Conjure Flame            Conj/Fire      2%         6-21      50%         3
 Inner Flame              Hex/Fire       2%         N/A       50%         3
 Ice Form                 Ice/Tmut       8%         N/A       63%         4
 Flame Wave               Conj/Fire      2%         2d4       88%         4


Dungeon Overview and Level Annotations

Branches:
Dungeon (6/15)             Temple (0/1) D:6

Altars:
Kikubaaqudgha
Ru
Sif Muna
Zin


Innate Abilities, Weirdness & Mutations

Your plain brown scales are hard. (AC +6)
You cannot fit into any form of body armour.
You are cold-blooded and may be slowed by cold attacks.


Message History

Found 21 gold pieces.
The necrophage moves out of view.
There is an open door here.
A steam dragon comes into view.
Found 14 gold pieces.
A steam dragon is nearby!
The steam dragon hisses angrily.
Okay, then.
Aiming: Dig
Press: ? - help, Shift-Dir - straight line A rock wall.
The rock shatters into small pieces.
A centaur comes into view.
Found a stone staircase leading down.
The centaur shouts!
The centaur wields a +0 shortbow.
The centaur shoots an arrow.
The arrow hits you!
The centaur shoots an arrow.
The arrow barely misses you.
The centaur shoots an arrow.
The arrow closely misses you.
You hear two shouts!
Something shouts, "Run away, thou simpering fool-born snaffler!"
A two-headed ogre comes into view. It is wielding two +0 giant clubs.
The centaur shoots an arrow.
The arrow barely misses you.
A white imp comes into view.
The white imp shouts!
The centaur shoots an arrow.
The arrow hits you!
The centaur shoots an arrow.
The arrow misses you.
The centaur shoots an arrow.
The arrow hits you.
The centaur unwields a +0 shortbow.
The centaur hits you but does no damage.
The centaur kicks you but does no damage.
Okay, then.
It was a potion of haste.
You feel yourself speed up.
The centaur hits you but does no damage.
The centaur kicks you but does no damage.
The centaur closely misses you. The centaur barely misses you.
You feel very mighty all of a sudden. The centaur hits you.
The centaur kicks you.
The two-headed ogre hits you with a +0 giant club!!
Ouch! That really hurt!
You die...

........# ##..##...##
........# ##...##.†.##
.......######.#.........
#......)...........>...
#......................
#...............##...##
###...............##...##
.........#######.........
.....5.O@# ....#......
.......c.# ....#......
....>....# #...##......
...###+### #...###+#...
.# #... . #...
.#############+#####...
......................)
.......[..............#


You could see a two-headed ogre, a centaur and a white imp.

Vanquished Creatures
  A phantom (D:6)
  A bullfrog (D:6)
  A hound (D:6)
  Terence (D:2)
  Robin (D:2)
  6 adders
  2 dart slugs
  An orc (D:6)
  5 endoplasms
  2 giant cockroaches
  13 goblins
  7 hobgoblins
  4 jackals
  2 quokkas
  8 ball pythons
  7 bats
  A frilled lizard (D:2)
  4 kobolds
  6 rats
73 creatures vanquished.

Vanquished Creatures (others)
  A goblin (D:2)
1 creature vanquished.

Grand Total: 74 creatures vanquished

Notes
Turn   | Place    | Note
-------+----------+-------------------------------------------
     0 | D:1      | runemasterragnar the Draconian Transmuter began the quest
                  | for the Orb.
     0 | D:1      | Reached XP level 1. HP: 16/16 MP: 3/3
   230 | D:1      | Reached XP level 2. HP: 23/23 MP: 3/5
   447 | D:1      | Learned a level 2 spell: Wereblood
   933 | D:2      | Reached XP level 3. HP: 29/29 MP: 4/6
  1289 | D:2      | Found a shimmering blue altar of Sif Muna.
  1314 | D:2      | Became a worshipper of Sif Muna the Loreminder
  1330 | D:2      | Noticed Robin
  1345 | D:2      | Killed Robin
  1346 | D:2      | Reached XP level 4. HP: 27/36 MP: 4/7
  1379 | D:2      | Noticed Terence
  1404 | D:2      | Killed Terence
  1996 | D:2      | Reached * piety under Sif Muna
  2045 | D:2      | Found a faded altar of an unknown god.
  2120 | D:2      | Reached XP level 5. HP: 42/42 MP: 9/9
  2285 | D:3      | Found a glowing silver altar of Zin.
  2342 | D:3      | You fall into a shaft and drop 3 floors!
  2355 | D:5      | Entered Level 5 of the Dungeon
  2621 | D:6      | Noticed a phantom
  2639 | D:6      | Killed a phantom
  2640 | D:6      | Reached skill level 1 in Invocations
  2829 | D:6      | Reached XP level 6. HP: 45/50 MP: 8/10
  2873 | D:6      | Found a staircase to the Ecumenical Temple.
  2981 | D:6      | Found an ancient bone altar of Kikubaaqudgha.
  2981 | D:6      | Found a sacrificial altar of Ru.
  3010 | D:6      | Noticed a steam dragon
  3031 | D:6      | Noticed a two-headed ogre
  3036 | D:6      | Mangled by a two-headed ogre

Illustrated notes

Levels and vault maps discovered:
D:1:      minmay_arrival_solitary_statue, layout_basic, minmay_pentomino_s4
D:2:      layout_basic, basic_altar, shapermc_ecumenical_altar_hornbeckon,
          uniq_robin, uniq_terence
D:3:      layout_loops_ring, zin_academy, elyvilon_altar_5, item_on_display_a
D:5:      layout_loops_ring
D:6:      layout_gridville, nicolae_uskayaw_murder_on_the_dancefloor,
          led_xom_imps, jmf_multi_god_temple, minmay_temple_entry_stoned_glass,
          serial_glass, glass_columns_a, glass_columns_b, glass_columns_a,
          glass_columns_a, patterned_corridor

Skill      XL: |  1  2  3  4  5 |
---------------+----------------+-----
Dodging        | 2 |  2.8
Fighting       | 2 |  2.8
Transmutations | 3 |  3.8
Invocations    | 1 |  1.6
Spellcasting   | 3 |  3.0
Unarmed Combat | |  3.9

Action                   |  1- 3 |  4- 6 || total
-------------------------+-------+-------++-------
Melee: Unarmed           |   101 |    83 ||   184
       Kick              |    23 |    24 ||    47
       Headbutt          |    17 |    14 ||    31
       Tailslap          |     3 |    10 ||    13
       Punch             |     2 |     3 ||     5
       Dagger            |       |    40 ||    40
 Cast: Beastly Appendage |    29 |    17 ||    46
       Wereblood         |     1 |     2 ||     3
Evoke: Wand              |       |     1 ||     1
  Use: Scroll            |       |     7 ||     7
       Potion            |       |     5 ||     5
 Stab: Sleeping          |       |     1 ||     1
Armor: Skin              |    32 |    41 ||    73
Dodge: Dodged            |    87 |    85 ||   172
